 Dungeon Crawl Stone Soup version 0.31-a0-1237-gabc64e778c (webtiles) character file.

Game seed: 6738382694259316348

11741 senseless the Fighter (level 11, -19/89 HPs)
             Began as a Mummy Fighter on Dec 15, 2023.
             Was the Champion of Dithmenos.
             Killed by an exploding death yak (31 damage)
             ... ignited by their inner flame
             ... on level 1 of the Lair of Beasts.
             The game lasted 00:25:40 (8595 turns).

senseless the Fighter (Mummy Fighter)               Turns: 8595, Time: 00:25:40

Health: -19/89     AC: 31    Str: 25    XL:     11   Next: 53%
Magic:  11/11      EV: 13    Int:  7    God:    Dithmenos [******]
Gold:   432        SH: 12    Dex: 20    Spells: 10/10 levels left

rFire   x . .        w - +1 flail (protect)
rCold   + + .        c - +0 buckler
rNeg    + + +        D - +0 chain mail {rC+}
rPois   ∞            E - +2 helmet {SInv}
rElec   .            r - +2 cloak of Cetzuawi {-Cast Str+2 Dex+7}
rCorr   .            i - +3 pair of gauntlets of War {Slay+5}
SInv    +            C - +1 pair of boots {rampage}
Will    +....        v - amulet of reflection
Stlth   ++           d - +5 ring of evasion
HPRegen 0.34/turn    (no ring)
MPRegen 0.12/turn

%: no spellcasting, reflection, rampage, faith
@: under a protective aura, wreathed by umbra
A: cold resistance 1, negative energy resistance 3, torment resistance 2, heat
vulnerability 1, in touch with death 1, no potions, faith
a: Renounce Religion, Shadow Step, Shadow Form


You were on level 1 of the Lair of Beasts.
You worshipped Dithmenos.
Dithmenos was exalted by your worship.
You visited 2 branches of the dungeon, and saw 11 of its levels.

You collected 768 gold pieces.
You spent 336 gold pieces at shops.

Inventory:

Hand Weapons
 a - a +0 flail
 h - a +0 dire flail of draining
 m - a +1 mace of venom
 w - a +1 flail of protection (weapon)
Missiles
 j - 40 poisoned darts
 t - 6 boomerangs
 x - 3 throwing nets
 F - 6 curare-tipped darts
Armour
 c - a +0 buckler (worn)
 f - a +1 helmet
 i - the +3 pair of gauntlets of War (worn) {Slay+5}
   (You found it on level 2 of the Dungeon)

   Slay+5:    It affects your accuracy & damage with ranged weapons and melee
   (+5).
 p - a +2 ring mail of fire resistance
 r - the +2 cloak of Cetzuawi (worn) {-Cast Str+2 Dex+7}
   (You found it on level 3 of the Dungeon)

   Str+2:     It affects your strength (+2).
   Dex+7:     It affects your dexterity (+7).
   -Cast:     It prevents spellcasting.
 A - a +1 cloak of stealth
 C - a +1 pair of boots of rampaging (worn)
 D - a +0 chain mail of cold resistance (worn)
 E - a +2 helmet of see invisible (worn)
Jewellery
 d - a +5 ring of evasion (left hand)
 k - an amulet of guardian spirit
 v - an amulet of reflection (around neck)
Wands
 o - a wand of iceblast (30)
 u - a wand of paralysis (5)
 z - a wand of flame (10)
 G - a wand of mindburst (14)
 H - a wand of light (8) (quivered)
Scrolls
 b - a scroll of vulnerability
 e - 4 scrolls of teleportation
 g - 2 scrolls of poison
 l - 3 scrolls of identify
 n - 3 scrolls of enchant weapon
 s - a scroll of brand weapon
 y - a scroll of summoning
 B - 2 scrolls of silence
 I - 2 scrolls of noise
 J - a scroll of torment


   Skills:
 + Level 9.0 Fighting
 + Level 7.2 Maces & Flails
 + Level 7.5 Armour
 + Level 7.0 Stealth
 + Level 7.5 Shields


You had 10 spell levels left.
You didn't know any spells.
Your spell library contained the following spells:

 Spells                   Type           Power      Damage    Failure   Level
 Magic Dart               Conj           0%         1d3       94%         1
 Slow                     Hex            0%         N/A       94%         1
 Call Imp                 Summ           0%         N/A       98%         2
 Poisonous Vapours        Pois/Air       0%         N/A       98%         2
 Confusing Touch          Hex            0%         N/A       100%        3
 Frozen Ramparts          Ice            0%         1d1       100%        3
 Mephitic Cloud           Conj/Pois/Air  0%         N/A       100%        3
 Sigil of Binding         Hex            0%         N/A       100%        3
 Stone Arrow              Conj/Erth      0%         3d7       100%        3
 Summon Guardian Golem    Hex/Summ       0%         N/A       100%        3
 Vampiric Draining        Necr           0%         2d6       100%        3
 Animate Armour           Summ/Erth      0%         N/A       100%        4
 Petrify                  Tmut/Erth      0%         N/A       100%        4
 Freezing Cloud           Conj/Ice/Air   0%         6-21      100%        5
 Metabolic Englaciation   Hex/Ice        0%         N/A       100%        5
 Orb of Destruction       Conj           0%         9d5       100%        7
 Spellforged Servitor     Conj/Summ      0%         N/A       100%        7
 Lehudib's Crystal Spear  Conj/Erth      0%         10d2      100%        8
 Chain Lightning          Conj/Air       0%         N/A       100%        9
 Fire Storm               Conj/Fire      0%         5d1       100%        9
 Shatter                  Erth           0%         3d5*      100%        9


Dungeon Overview and Level Annotations

Branches:
Dungeon (10/15)            Temple (0/1) D:7            Lair (1/5) D:9
    Orc: D:9-12

Altars:
Dithmenos
Gozag
Makhleb
Trog

Shops:
D:2 (   D:8 [


Innate Abilities, Weirdness & Mutations

You are immune to poison.
Your flesh is cold resistant. (rC+)
You are immune to negative energy. (rN+++)
You are immune to unholy pain and torment.
You are vulnerable to heat. (rF-)
You are in touch with the powers of death.
You do not drink.
You have a special connection with the divine. (Faith)


Message History

Flame seeps out of the death yak.
The death yak is moderately wounded.
The adder explodes!
The fiery explosion engulfs the cane toad!!
Flame seeps out of the cane toad.
The cane toad is almost dead.
The fiery explosion engulfs the adder!
Dithmenos accepts your kill.
The fiery explosion engulfs the death yak!!
Flame seeps out of the death yak.
The death yak is severely wounded.
The fiery explosion engulfs the bullfrog!!
Dithmenos accepts your kill.
The fiery explosion engulfs the death yak!!!
Dithmenos accepts your kill.
The death yak explodes!
The fiery explosion engulfs you! The fire burns you terribly!
The fiery explosion engulfs the death yak!!
Flame seeps out of the death yak.
The death yak is almost dead.
The bullfrog explodes!
The fiery explosion engulfs the cane toad!!
Dithmenos accepts your kill. The fiery explosion engulfs you!!
The fire burns you terribly!
* * * LOW HITPOINT WARNING * * *
The fiery explosion engulfs the death yak!!!
Dithmenos accepts your kill.
The death yak explodes!
The cane toad explodes!
The fiery explosion engulfs the adder!!!
Dithmenos accepts your kill.
The fiery explosion engulfs the basilisk!
Flame seeps out of the basilisk.
The basilisk is severely wounded.
The adder explodes!
The fiery explosion engulfs the basilisk!!!
Dithmenos accepts your kill.
The basilisk explodes!
The adder explodes!
The yak explodes!
The death yak explodes!
The fiery explosion engulfs you!! The fire burns you terribly!
You die...

##...#### ####...##
.###......#
...⌠....####
........##.#####
#..>.##.........
######.......... ###
##..........
######@####...........
..§§§○§§○§§§Y§§........
§§§§§§§§§§§§§§§!.......
§§§§§§§§§§§§§§§........
#P##§#####§#§#§########
# ## #######


You could see a yak.

Vanquished Creatures
  4 death yaks (Lair:1)
  Sonja (D:10)
  A wolf spider (Lair:1)
  A cyclops (D:9)
  A torpor snail (Lair:1)
  2 cane toads (Lair:1)
  A komodo dragon (Lair:1)
  A kobold demonologist (D:9)
  A hornet (D:9)
  Sigmund (D:2)
  A wyvern (D:9)
  A vampire (D:9)
  A basilisk (Lair:1)
  17 yaks
  A steam dragon (D:10)
  4 vampire mosquitoes
  Edmund (D:6)
  An acid dragon (D:8)
  5 water moccasins
  A sky beast (D:7)
  2 orc warriors
  5 ice beasts
  3 black bears
  3 ogres
  4 centaurs
  2 wolves (Lair:1)
  4 phantoms
  4 kobold brigands
  6 bullfrogs
  6 scorpions
  2 gnoll sergeants
  4 water moccasin zombies (D:5)
  2 wights (D:8)
  19 killer bees
  A howler monkey (D:9)
  2 bullfrog zombies (D:5)
  7 orc priests
  A jelly (D:4)
  Crazy Yiuf (D:2)
  A bullfrog skeleton (D:5)
  2 hounds
  4 sleepcaps
  Jessica (D:3)
  4 iguanas
  Ijyb (D:3)
  4 orc wizards
  A killer bee zombie (D:5)
  2 hound zombies (D:5)
  Robin (D:2)
  9 gnolls
  4 adders (Lair:1)
  2 shadow imps
  2 white imps
  2 ufetubi (D:4)
  An adder skeleton (D:5)
  A dart slug (D:4)
  28 orcs
  A bat (D:2)
  9 endoplasms
  2 giant cockroaches (D:1)
  16 goblins
  8 hobgoblins
  6 jackals
  31 kobolds
  4 quokkas
  8 ball pythons
  6 frilled lizards
  8 rats
294 creatures vanquished.

Vanquished Creatures (others)
  2 kobolds (D:10)
2 creatures vanquished.

Grand Total: 296 creatures vanquished

Notes
Turn   | Place    | Note
-------+----------+-------------------------------------------
     0 | D:1      | senseless the Mummy Fighter began the quest for the Orb.
     0 | D:1      | Reached XP level 1. HP: 18/18 MP: 1/1
   142 | D:1      | Reached XP level 2. HP: 18/24 MP: 2/2
   483 | D:2      | Noticed Sigmund
   492 | D:2      | Killed Sigmund
   493 | D:2      | Reached skill level 4 in Fighting
   493 | D:2      | Reached XP level 3. HP: 14/30 MP: 3/3
   493 | D:2      | Reached XP level 4. HP: 18/37 MP: 4/4
   493 | D:2      | Reached XP level 5. HP: 20/42 MP: 5/5
   616 | D:2      | Found a faded altar of an unknown god.
   648 | D:2      | Prayed at the altar of an unknown god.
   648 | D:2      | Became a worshipper of Dithmenos the Shadowed
   648 | D:2      | Reached * piety under Dithmenos
   665 | D:2      | Identified the +0 helmet "Udgheatou" {Str-2 Slay-4 SInv
                  | Stlth+}
   665 | D:2      | Noticed Robin
   693 | D:2      | Killed Robin
   791 | D:2      | Found a runed translucent door.
   792 | D:2      | Noticed Crazy Yiuf
  1008 | D:2      | Found the +3 pair of gauntlets of War {Slay+5}
  1047 | D:2      | Reached ** piety under Dithmenos
  1325 | D:2      | Found Aneotud's Weapon Emporium.
  1396 | D:2      | Killed Crazy Yiuf
  1552 | D:3      | Reached XP level 6. HP: 45/48 MP: 6/6
  1732 | D:3      | Noticed Ijyb
  1741 | D:3      | Killed Ijyb
  1786 | D:3      | Found a burning altar of Makhleb.
  1790 | D:3      | Noticed a green death
  1816 | D:3      | Noticed Jessica
  1820 | D:3      | Killed Jessica
  2137 | D:3      | Identified the +2 cloak of Cetzuawi {-Cast Str+2 Dex+7}
  2266 | D:4      | Reached skill level 1 in Stealth
  2320 | D:4      | Found a shadowy altar of Dithmenos.
  2507 | D:4      | Reached XP level 7. HP: 55/55 MP: 7/7
  2739 | D:4      | Reached *** piety under Dithmenos
  2797 | D:5      | Entered Level 5 of the Dungeon
  2976 | D:5      | Reached skill level 5 in Fighting
  3023 | D:5      | Reached XP level 8. HP: 54/62 MP: 8/8
  3404 | D:5      | Reached skill level 5 in Shields
  3442 | D:5      | Reached **** piety under Dithmenos
  3472 | D:5      | Reached skill level 6 in Fighting
  3472 | D:5      | Reached skill level 5 in Armour
  3578 | D:5      | Reached XP level 9. HP: 69/69 MP: 9/9
  3944 | D:6      | Found a transporter.
  4046 | D:6      | Noticed Edmund
  4047 | D:6      | Found a transporter.
  4059 | D:6      | Killed Edmund
  4278 | D:6      | Reached skill level 5 in Maces & Flails
  4448 | D:6      | Found a bloodstained altar of Trog.
  4603 | D:7      | Found a staircase to the Ecumenical Temple.
  5173 | D:7      | Reached skill level 7 in Fighting
  5246 | D:7      | Reached skill level 5 in Stealth
  5635 | D:8      | Reached XP level 10. HP: 70/79 MP: 10/10
  5675 | D:8      | Found Vikes's Antique Armour Emporium.
  5679 | D:8      | Identified the +0 sling "Uceong" {heavy, Str+2}
  5784 | D:8      | Bought a pair of runed boots for 112 gold pieces
  5784 | D:8      | Bought a shiny chain mail for 112 gold pieces
  5784 | D:8      | Bought a shiny helmet for 112 gold pieces
  5842 | D:8      | Reached ***** piety under Dithmenos
  5918 | D:8      | Found an opulent altar of Gozag.
  6428 | D:9      | Noticed a cyclops
  6444 | D:9      | Killed a cyclops
  6627 | D:9      | Found a staircase to the Lair.
  6648 | D:9      | Reached skill level 8 in Fighting
  7205 | D:10     | Entered Level 10 of the Dungeon
  7700 | D:10     | Noticed Sonja
  7716 | D:10     | Killed Sonja
  7717 | D:10     | Reached XP level 11. HP: 83/87 MP: 11/11
  8154 | Lair:1   | Entered Level 1 of the Lair of Beasts
  8577 | Lair:1   | Noticed a wolf spider
  8579 | Lair:1   | Noticed a death yak
  8581 | Lair:1   | Noticed a death yak
  8586 | Lair:1   | Killed a wolf spider
  8587 | Lair:1   | Reached skill level 9 in Fighting
  8587 | Lair:1   | Noticed a death yak
  8593 | Lair:1   | Noticed a death yak
  8595 | Lair:1   | Killed a death yak
  8595 | Lair:1   | Killed a death yak
  8595 | Lair:1   | Killed a death yak
  8595 | Lair:1   | Reached ****** piety under Dithmenos
  8595 | Lair:1   | Killed a death yak
  8595 | Lair:1   | Killed by an exploding death yak... ignited by their inner
                  | flame

Illustrated notes

Levels and vault maps discovered:
D:1:      giann_wishing_wells, layout_rooms
D:2:      layout_loops_ring, serial_shops, shop,
          hellmonk_ecumenical_altar_lost_god, uniq_sigmund,
          uniq_crazy_yiuf_cottage, uniq_robin
D:3:      layout_loops_ring, makhleb_altar_promises_db, uniq_ijyb, uniq_jessica
D:4:      layout_basic, mainiacjoe_overflow_small_starburst
D:5:      layout_gridville, serial_undead, serial_undead_b, serial_undead_b,
          serial_undead_c, serial_undead_e, serial_undead_e, serial_undead_a,
          hangedman_glass_teeth
D:6:      gammafunk_cloud_chamber, layout_rooms, kennysheep_mini_moat,
          uniq_edmund
D:7:      layout_basic, minmay_temple_entry_wispy,
          amcnicky_mini_corridor_feature, serial_bayou_pond_c
D:8:      layout_loops_cross, jmf_multi_god_temple, serial_shops, shop
D:9:      layout_cave_pods, lair_entry_dummy, minmay_liquid_box
D:10:     layout_small_grid, serial_rivers, chequers_serial_rivers_room_b,
          chequers_serial_rivers_marsh, chequers_serial_rivers_large_a,
          chequers_serial_rivers_micro_e, nicolae_elevator_lobby_plus,
          uniq_sonja
Lair:1:   minmay_lair_venomous_thicket, layout_chaotic_city, st_stairs_12,
          small_statue_intersection, serial_bayou_shore_b, grunt_megastairs_5,
          uniq_maggie

Skill      XL: |  1  2  3  4  5  6  7  8  9 10 11 |
---------------+----------------------------------+-----
Fighting       | 4 5 6 7 8 9 |  9.0
Maces & Flails | 2 3 4 5 6 7 |  7.2
Armour         | 3 4 5 6 7 |  7.5
Shields        | 3 4 5 6 7 |  7.5
Stealth        | 1 2 3 5 6 7 |  7.0

Action                     |  1- 3 |  4- 6 |  7- 9 | 10-12 || total
---------------------------+-------+-------+-------+-------++-------
  Melee: Flail             |    70 |    88 |   255 |   376 ||   789
         Mace              |       |    57 |    94 |       ||   151
  Throw: Dart              |       |     7 |     3 |    10 ||    20
  Evoke: Wand              |       |       |       |     1 ||     1
    Use: Scroll            |     1 |       |    11 |     4 ||    16
   Stab: Sleeping          |       |     1 |     7 |       ||     8
         Distracted        |       |     1 |       |       ||     1
 Armour: Scale mail        |    64 |    62 |       |       ||   126
         Ring mail         |       |    26 |   155 |     9 ||   190
         Chain mail        |       |       |       |   349 ||   349
  Dodge: Dodged            |    27 |    64 |   287 |   405 ||   783
  Block: Buckler           |    23 |    23 |   210 |   402 ||   658
         Reflection        |       |       |     2 |     8 ||    10

Table legend: (Time is in decaauts)
 A = Elapsed time spent in this place.
 B = Non-inter-level travel time spent in this place.
 C = Inter-level travel time spent in this place.
 D = Time resting spent in this place.
 E = Time spent auto-exploring this place.
 F = Levels seen in this place.
 G = Mean time per level.
                   A        B        C        D        E       F      G
               +--------+--------+--------+--------+--------+-----+--------+
         Total |   8792 |   8445 |    347 |    345 |   6055 |  11 |  799.3 |
       Dungeon |   8640 |   8293 |    347 |    345 |   6010 |  10 |  864.0 |
          Lair |    151 |    151 |      0 |      0 |     45 |   1 |  151.0 |
               +--------+--------+--------+--------+--------+-----+--------+

Top non-repeatable levels by time:
     D:9: 1342 daAuts
     D:5: 1137 daAuts
     D:2: 1082 daAuts
    D:10: 934 daAuts
     D:7: 912 daAuts
     D:8: 743 daAuts
     D:3: 716 daAuts
     D:6: 707 daAuts
     D:4: 560 daAuts
     D:1: 503 daAuts
  Lair:1: 151 daAuts
